Cogmind - Beta 12 X4 @@@ ROGUE MODE // 2022.09.19 @ 19:42:38 Player: Stryker Result: Self-destructed Performance ------------- Evolutions (2) 1000 Regions Visited (5) 1000 Robots Destroyed (42) 210 Value Destroyed (1117) 1117 Prototype IDs (5) 100 Alien Tech Used (0) 0 Bonus (3) 3 TOTAL SCORE: 3430 Bonus ------- High Alert Combat Kills 11 Friendly Fire -8 Cogmind --------- Core Integrity 396/550 Matter 292/300 Energy 240/240 System Corruption 0% Temperature Cool (0) Movement Treading (232) Ox1 Location -8/Materials Parts ------- > --- POWER (1) -------- Nuclear Core > --- PROPULSION (4) --- Light Treads Advanced Treads > --- UTILITY (4) ------ Cooling System High-capacity Storage Unit Light Armor Plating Improved Light Armor Plating > --- WEAPON (2) ------- Advanced Beam Rifle Heavy Assault Rifle > --- INVENTORY (20) --- Light Treads Light Treads Light Treads Wheel Wheel Compact Wheel Improved Heat Sink Huge Storage Unit Huge Storage Unit High-capacity Matter Pod (200) Structural Scanner Improved Terrain Scanner Hacking Suite Field Recycling Unit (0) EM Pulse Gun Particle Gun Spread Laser Ion Cannon Light Assault Rifle Grenade Launcher Peak State ------------ > --- POWER ------------ Nuclear Core > --- PROPULSION ------- Light Treads Light Treads Advanced Treads Wheel > --- UTILITY ---------- Cooling System High-capacity Storage Unit Light Armor Plating Improved Light Armor Plating > --- WEAPON ----------- Advanced Beam Rifle Heavy Assault Rifle > --- INVENTORY -------- Light Treads Light Treads Light Treads Wheel Wheel Compact Wheel Improved Heat Sink Huge Storage Unit Huge Storage Unit High-capacity Matter Pod Structural Scanner Improved Terrain Scanner Hacking Suite Field Recycling Unit EM Pulse Gun Particle Gun Spread Laser Ion Cannon Light Assault Rifle Grenade Launcher [Rating: 25] Favorites ----------- Power Ion Engine Engine Ion Engine Power Core Nuclear Core Propulsion Light Treads Treads Light Treads Wheel Compact Wheel Utility Seismic Detector Device Seismic Detector Storage High-capacity Storage Unit Protection Improved Light Armor Plating Weapon Light Assault Rifle Energy Gun Particle Gun Energy Cannon Ion Cannon Ballistic Gun Light Assault Rifle Launcher Grenade Launcher Build | -11 -10 -10 -10 -9 -8 ------- Run | Scr Mat Min Exi Min Mat Slots Evolved 4 | . . . . . 4 Power . | . . . . . . Propulsion 2 | . . . . . 2 Utility 2 | . . . . . 2 Weapon . | . . . . . . Parts Attached 31 | 7 7 . 1 . 16 Power 3 | 1 1 . . . 1 Engine 2 | 1 1 . . . . Core 1 | . . . . . 1 Reactor . | . . . . . . Propulsion 10 | 2 3 . . . 5 Treads 6 | 1 1 . . . 4 Leg . | . . . . . . Wheel 4 | 1 2 . . . 1 Hover . | . . . . . . Flight . | . . . . . . Utility 9 | 2 1 . 1 . 5 Device 4 | 1 . . . . 3 Storage 3 | 1 1 . 1 . . Processor . | . . . . . . Hackware . | . . . . . . Protection 2 | . . . . . 2 Artifact . | . . . . . . Weapon 9 | 2 2 . . . 5 Energy Gun 4 | 2 1 . . . 1 Energy Cannon 2 | . . . . . 2 Ballistic Gun 2 | . 1 . . . 1 Ballistic Cannon . | . . . . . . Launcher 1 | . . . . . 1 Special Weapon . | . . . . . . Impact Weapon . | . . . . . . Slashing Weapon . | . . . . . . Piercing Weapon . | . . . . . . Special Melee Weapon . | . . . . . . Unidentified Prototypes 1 | . . . . . 1 Parts Lost 8 | . . . . . 8 Power 1 | . . . . . 1 Propulsion 4 | . . . . . 4 Utility 3 | . . . . . 3 Weapon . | . . . . . . Highest Loss Streak 5 | . . . . . 5 To Critical Strikes . | . . . . . . Average Slot Usage (%) 99 | . 99 100 100 100 97 Engine 12 | . 13 14 14 14 7 Treads 14 | . 13 14 14 14 19 Wheel 14 | . 14 14 14 14 16 Device 15 | . 14 14 14 14 22 Storage 13 | . 14 14 14 14 9 Energy Gun 12 | . 14 14 14 14 5 Ballistic Gun 12 | . 13 14 14 14 9 Naked Turns . | . . . . . . Heaviest Build 64 | 15 30 30 50 50 64 Greatest Support 26 | 16 16 16 16 16 26 Greatest Overweight (x) 6 | 2 1 1 3 3 6 Average Overweight (x) 1 | . . 1 2 3 2 Largest Inventory Capacity 20 | 8 15 15 20 20 20 Average Capacity 16 | 7 13 15 18 20 20 Most Carried 20 | 8 15 15 16 19 20 Average Carried 14 | 4 11 15 15 17 18 Final Capacity 20 | 8 15 15 20 20 20 Final Carried 20 | 8 15 15 16 19 20 Class Distribution -------------------- 95% | Mutant 4% | Scavenger-Mutant Dominant Class ---------------- Mutant | -10/Materials Mutant | -10/Mines Mutant | -10/Exiles Mutant | -9/Mines Mutant | -8/Materials Resources | -11 -10 -10 -10 -9 -8 ----------- Run | Scr Mat Min Exi Min Mat Matter Collected 679 | 270 90 19 11 40 249 Remotely 50 | . . . . . 50 Salvage Created 1379 | 113 408 26 . 82 750 Parts 91 | 5 30 4 . 6 46 Haulers Intercepted 2 | . . . . . 2 Recyclers Shooed 1 | . . . . . 1 Parts Field Recycled . | . . . . . . Retrieved Matter . | . . . . . . Parts Self-Destructed . | . . . . . . Prevented . | . . . . . . Kills | -11 -10 -10 -10 -9 -8 ------- Run | Scr Mat Min Exi Min Mat Combat Hostiles Destroyed 30 | . 10 . . 2 18 Guns 16 | . 7 . . 2 7 Cannons 4 | . . . . . 4 AOE 10 | . 3 . . . 7 Classes Destroyed 11 | 2 5 1 . . 3 Worker 1 | . . 1 . . . Builder 4 | . 1 . . . 3 Tunneler 1 | 1 . . . . . Hauler 2 | . . . . . 2 Recycler 1 | 1 . . . . . Operator 2 | . 2 . . . . Watcher 1 | . 1 . . . . Swarmer 9 | . 3 . . . 6 Grunt 17 | . 7 . . 2 8 Sentry 3 | . . . . . 3 Hunter 1 | . . . . . 1 Best Kill Streak 8 | 2 4 1 . 2 8 Combat Bots Only 7 | . 3 . . 2 7 Max Kills in Single Turn 4 | 1 4 1 . 1 2 Gunslinging . | . . . . . . Exploded 3 | . 3 . . . 2 Melee . | . . . . . . Uniques/NPCs Destroyed . | . . . . . . Combat | -11 -10 -10 -10 -9 -8 -------- Run | Scr Mat Min Exi Min Mat Damage Taken 1539 | . 341 . . 80 1118 Core 242 | . 48 . . 40 154 Absorbed by Shields . | . . . . . . Regen/Repaired (Parts) 99 | . 99 . . . . Core Remaining (%) 82 | 100 . . . 64 . Volleys Fired 94 | 6 36 1 . 4 47 Largest 2 | 2 2 2 . 2 2 Hottest 85 | 80 85 85 . 85 85 Shots Fired 184 | 12 72 2 1 8 89 Gun 164 | 12 72 2 1 8 69 Cannon 15 | . . . . . 15 Launcher 5 | . . . . . 5 Special . | . . . . . . Kinetic 80 | . 32 1 1 4 42 Thermal 60 | . 13 1 . 4 42 Explosive 5 | . . . . . 5 Electromagnetic 39 | 12 27 . . . . Robot Hit Streak 17 | 4 17 1 2 9 9 Robot Miss Streak 4 | 2 4 . . . 2 Penetration Max . | . . . . . . Secondary Targets 2 | . 1 . . . 1 Max Gunslinging Chain 1 | . 1 . . . 1 Shots Hit Robots 126 | 8 45 1 1 7 64 Core Hits 73 | 3 22 1 1 5 41 Critical Kills . | . . . . . . Critical Parts Destroyed 1 | . 1 . . . . Critical Strikes 7 | . 4 . . . 3 Burn 5 | . 2 . . . 3 Destroy 1 | . 1 . . . . Corrupt 1 | . 1 . . . . Melee Attacks . | . . . . . . Impact . | . . . . . . Slashing . | . . . . . . Piercing . | . . . . . . Sneak Attacks . | . . . . . . Combat Hostiles . | . . . . . . Follow-up Attacks . | . . . . . . Damage Inflicted 2680 | 105 809 16 8 90 1652 Guns 1479 | 105 530 16 8 90 730 Cannons 301 | . . . . . 301 Explosions 900 | . 279 . . . 621 Melee . | . . . . . . Ramming . | . . . . . . Kinetic 545 | . 159 . 8 25 353 Thermal 977 | . 218 16 . 65 678 Explosive 809 | . 188 . . . 621 Electromagnetic 349 | 105 244 . . . . Impact . | . . . . . . Slashing . | . . . . . . Piercing . | . . . . . . Highest Corruption 3 | . 3 3 3 3 . Average Corruption 2 | . 2 3 3 3 . Corruption Purged . | . . . . . . Corruption Blocked . | . . . . . . Effects 19 | . 2 4 4 9 . Message Errors 4 | . . . 2 2 . Matter Fused 4 | . . 1 . 3 . Heat Flow Errors 2 | . . . . 2 . Energy Discharges 4 | . 1 2 1 . . Data Loss (minor) 2 | . 1 1 . . . Data Loss (major) 2 | . . . . 2 . Misfires 1 | . . . 1 . . Overload Shots . | . . . . . . Overflow Damage 5 | . . . . . 5 Projectiles . | . . . . . . Explosions 5 | . . . . . 5 Melee . | . . . . . . Knockbacks . | . . . . . . Impact . | . . . . . . Kinetic . | . . . . . . Secondary . | . . . . . . Self-Inflicted Damage 84 | . 84 . . . . Shots 2 | . 2 . . . . Rammed . | . . . . . . Targets Rammed . | . . . . . . Kicked . | . . . . . . Crushed . | . . . . . . Highest Temperature 259 | 72 244 44 . 259 17 Average Temperature 58 | 32 56 23 . 108 4 Received Heat Transfer 732 | . 132 . . 60 540 Siege Activations . | . . . . . . Robots Corrupted . | . . . . . . Combat Hostiles . | . . . . . . Parts Fried 3 | 2 1 . . . . Impact Corruptions . | . . . . . . Robots Melted . | . . . . . . Combat Hostiles . | . . . . . . Parts Melted 2 | . 1 . . . 1 Heat Transferred 2233 | . 494 37 . 148 1554 Parts Sabotaged . | . . . . . . Parts Stolen . | . . . . . . Parts Stripped . | . . . . . . Power Chain Reactions 1 | . 1 . . . . Missiles Intercepted . | . . . . . . Alert | -11 -10 -10 -10 -9 -8 ------- Run | Scr Mat Min Exi Min Mat Peak Influence 428 | 10 360 128 . 50 428 Initial 123 | . 6 123 . . . Average 153 | 2 263 123 . 22 151 Maximum Alert Level 2 | . 1 . . . 2 Low Security (%) 60 | 100 16 100 . 100 62 Level 1 39 | . 83 . . . 34 Level 2 . | . . . . . 2 Level 3 . | . . . . . . Level 4 . | . . . . . . Level 5 . | . . . . . . High Security . | . . . . . . Max Security . | . . . . . . Squads Dispatched 7 | . 2 . . . 5 Investigation . | . . . . . . Extermination . | . . . . . . Reinforcement 5 | . 2 . . . 3 Assault . | . . . . . . Garrison 2 | . . . . . 2 Intercept . | . . . . . . Searches Triggered . | . . . . . . Construction Impeded 2 | . . . . . 2 Haulers Reinforced . | . . . . . . Active Scanning Responses . | . . . . . . Cargo Convoy Interrupts . | . . . . . . Stealth | -11 -10 -10 -10 -9 -8 --------- Run | Scr Mat Min Exi Min Mat Distress Signals 4 | . 3 . . . 1 Communications Jammed . | . . . . . . Distress Signals . | . . . . . . Times Spotted 46 | . 19 . . 2 25 Peak Tracking Total 8 | . 4 . . 2 8 Tactical Retreats 2 | . 1 . . . 1 Traps | -11 -10 -10 -10 -9 -8 ------- Run | Scr Mat Min Exi Min Mat Traps Triggered 2 | . 2 . . . . Indirectly . | . . . . . . Trap Hack Attempts . | . . . . . . Triggered . | . . . . . . Disarmed . | . . . . . . Reprogrammed . | . . . . . . Reused . | . . . . . . Traps Extracted . | . . . . . . Installed . | . . . . . . Triggered . | . . . . . . Machines | -11 -10 -10 -10 -9 -8 ---------- Run | Scr Mat Min Exi Min Mat Machines Disabled 3 | . 3 . . . . Max in Single Turn 3 | . 3 . . . . Machines Sabotaged . | . . . . . . Overloaded Fab Kills . | . . . . . . Hacking | -11 -10 -10 -10 -9 -8 --------- Run | Scr Mat Min Exi Min Mat Machines Accessed 10 | . 8 . 1 . 1 Terminals 8 | . 7 . . . 1 Fabricators . | . . . . . . Repair Stations 1 | . 1 . . . . Recycling Units . | . . . . . . Scanalyzers . | . . . . . . Garrison Access . | . . . . . . Total Hacks 28 | . 23 . 3 . 2 Successful 15 | . 12 . 3 . . Failed 13 | . 11 . . . 2 Catastrophic . | . . . . . . Database Lockouts . | . . . . . . Manual 5 | . 5 . . . . Terminals 23 | . 21 . . . 2 Fabricators . | . . . . . . Repair Stations 2 | . 2 . . . . Recycling Units . | . . . . . . Scanalyzers . | . . . . . . Garrison Access . | . . . . . . Terminal Hacks 12 | . 9 . 3 . . Record 3 | . . . 3 . . Part Schematic 1 | . 1 . . . . Robot Analysis 1 | . 1 . . . . Prototype ID Bank 3 | . 3 . . . . Locate Traps 4 | . 4 . . . . Fabricator Hacks . | . . . . . . Repair Station Hacks 2 | . 2 . . . . Scan Component 1 | . 1 . . . . Repair 1 | . 1 . . . . Recycling Unit Hacks . | . . . . . . Scanalyzer . | . . . . . . Garrison Access Hacks . | . . . . . . Unauthorized Hacks 1 | . 1 . . . . Terminals 1 | . 1 . . . . Track 1 | . 1 . . . . Fabricators . | . . . . . . Repair Stations . | . . . . . . Recycling Units . | . . . . . . Scanalyzers . | . . . . . . Garrison Access . | . . . . . . Data Cores Recovered 1 | . 1 . . . . Used 1 | . 1 . . . . Hacking Detections 9 | . 8 . . . 1 Full Trace Events . | . . . . . . Feedback Events . | . . . . . . Feedback Blocked . | . . . . . . Robot Schematics Acquired . | . . . . . . Robots Built . | . . . . . . Authchips . | . . . . . . Time . | . . . . . . Total Robot Build Rating . | . . . . . . Part Schematics Acquired 1 | . 1 . . . . Parts Built . | . . . . . . Authchips . | . . . . . . Time . | . . . . . . Total Part Build Rating . | . . . . . . Parts Repaired 1 | . 1 . . . . Time 13 | . 13 . . . . Parts Recycled . | . . . . . . Recycled Matter . | . . . . . . Retrieved Matter . | . . . . . . Retrieved Components . | . . . . . . Parts Scanalyzed . | . . . . . . Part Schematics Acquired . | . . . . . . Parts Damaged . | . . . . . . Bothacking | -11 -10 -10 -10 -9 -8 ------------ Run | Scr Mat Min Exi Min Mat Used RIF Installer . | . . . . . . Robots Hacked . | . . . . . . Non-combat . | . . . . . . Combat . | . . . . . . Robot Hacks Applied . | . . . . . . Relay Couplers Released . | . . . . . . Fabnet Peak Effective % . | . . . . . . Robots Rewired . | . . . . . . Allies Hacked . | . . . . . . Hacks Repelled . | . . . . . . Allies | -11 -10 -10 -10 -9 -8 -------- Run | Scr Mat Min Exi Min Mat Total Allies 1 | . . 1 . . . Largest Group 1 | . . 1 1 . . Highest-Rated Group 31 | . . 31 31 . . Highest-Rated Ally 31 | . . 31 31 . . Total Orders . | . . . . . . Ally Attacks . | . . . . . . Total Damage . | . . . . . . Kills . | . . . . . . Allies Corrupted . | . . . . . . Allies Melted . | . . . . . . Intel | -11 -10 -10 -10 -9 -8 ------- Run | Scr Mat Min Exi Min Mat Robot Analysis Total 1 | . 1 . . . . Derelict Logs Recovered 4 | . . 2 . 2 . Drone Launches . | . . . . . . Drone Recoveries . | . . . . . . Exploration | -11 -10 -10 -10 -9 -8 ------------- Run | Scr Mat Min Exi Min Mat Turns Passed 2225 | 92 751 243 263 473 403 Spaces Moved 1485 | 56 530 204 197 317 181 Core 5 | 5 . . . . . Treads . | . . . . . . Legs . | . . . . . . Wheels 1480 | 51 530 204 197 317 181 Hover . | . . . . . . Flight . | . . . . . . Fastest Speed 50 | 50 100 115 115 145 105 Average Speed 123 | 97 112 115 132 145 122 Slowest Speed 170 | 150 115 115 145 145 170 Overloaded Moves . | . . . . . . Propulsion Burnouts . | . . . . . . Robots Hopped . | . . . . . . Cave-ins Triggered . | . . . . . . Exploration Rate (%) 45 | 4 84 47 58 55 22 Regions Visited 5 Branch Regions 3 Pre-discovered Areas 2 | . . 1 1 . . Known Exits Taken . | . . . . . . Unknown Exits Taken 5 | 1 1 1 1 1 . Scrap Searched 1 | . . . . 1 . Spaces Dug 8 | . . . . . 8 Terrain Destroyed 26 | . 4 . . . 22 Melee . | . . . . . . Projectile 1 | . . . . . 1 AOE 25 | . 4 . . . 21 Terrain Rammed . | . . . . . . Walls Destroyed . | . . . . . . Machines Disabled . | . . . . . . Actions | -11 -10 -10 -10 -9 -8 --------- Run | Scr Mat Min Exi Min Mat Total 1710 | 77 624 210 199 323 277 Wait 52 | 1 32 6 . . 13 Move 1480 | 55 529 203 196 316 181 Hop . | . . . . . . Pick Up 35 | 8 11 . 1 3 12 Fast Attach 15 | 7 3 . . . 5 Attach 9 | . 2 . . . 7 Detach 1 | . 1 . . . . Swap 7 | . 2 . 1 . 4 Drop 17 | . 8 . 1 . 8 Fire 94 | 6 36 1 . 4 47 Melee . | . . . . . . Ram . | . . . . . . Kick . | . . . . . . Crush . | . . . . . . Escape Stasis . | . . . . . . Rewire . | . . . . . . Trap . | . . . . . . Miscellaneous . | . . . . . . Route ------- -11/Scrapyard -10/Materials (discovered 5 exits: *Mat x3 / [*Min x2]) -10/Mines (discovered 3 exits: *Mat x2 / *Exi) -10/Exiles -9/Mines -8/Materials (discovered 1 exit: Sto) History --------- Turn | Location | Event 16 | -11/Scrapyard | Discovered new exit (range 16) 93 | -11/Scrapyard | Entered Materials 260 | -10/Materials | Discovered new exit (range 13) 310 | -10/Materials | Build established: Mutant 393 | -10/Materials | Discovered new exit (range 14) 520 | -10/Materials | Repaired Lgt. Treads 587 | -10/Materials | Discovered new exit (range 7) 656 | -10/Materials | Discovered new exit (range 10) 750 | -10/Materials | Discovered new exit (range 8) 844 | -10/Materials | Entered Mines 870 | -10/Mines | Received a Mining Laser from a helpful Derelict 878 | -10/Mines | Deemed a non-threat by the Exiles lab entrance 890 | -10/Mines | Discovered new exit (range 9) 897 | -10/Mines | Learned location of Zion (-7) 951 | -10/Mines | Found a hidden stash of uninstalled traps 955 | -10/Mines | Identified exit to Materials 1077 | -10/Mines | Discovered new exit (range 5) 1087 | -10/Mines | Entered Exiles 1087 | -10/Exiles | Accompanied by 1 ally 1116 | -10/Exiles | Met 8R-AWN 1135 | -10/Exiles | Met EX-HEX 1232 | -10/Exiles | Met EX-BIN 1271 | -10/Exiles | Met EX-DEC 1333 | -10/Exiles | Discovered new exit (range 14) 1350 | -10/Exiles | Entered Mines 1350 | -9/Mines | Discovered new exit (range 12) 1385 | -9/Mines | Met a Derelict bent on vengeance 1581 | -9/Mines | Learned Materials security intel 1823 | -9/Mines | Entered Materials 1823 | -8/Materials | Evolved 4 slots: Propulsion x2, Utility x2 1824 | -8/Materials | Identified exit to Storage 2072 | -8/Materials | Garrison activated, responded to threat 2099 | -8/Materials | Destroyed 7 combat bots 2188 | -8/Materials | Lost 5 parts (1p2n2u) 2214 | -8/Materials | Garrison activated, responded to threat 2226 | -8/Materials | Self-destructed Last Messages --------------- 02202_ Identified Adv. Beam Rifle. 02203_ Acquired 13 matter. 02205_ K-01 Serf collects debris. 02208_ U-05 Engineer destroyed. 02208_ K-01 Serf collects debris. 02211_ Destroyed Structural Scanner. 02211_ ALERT: Construction progress impeded, dispatching reinforcements to local area. 02214_ Y-45 Defender destroyed. 02214_ Switching to secondary target: Y-45 Defender. 02214_ Y-45 Defender calls for garrison reinforcements. 02214_ ALERT: Activating Garrison Access M001. 02215_ U-05 Engineer destroyed. 02216_ U-05 Engineer builds a Wall. 02216_ Lgt. Treads destroyed. 02217_ Y-45 Defender suffers critical hit (Burn). 02218_ Critical hit (Burn: +37). 02221_ Wheel destroyed. 02223_ Y-45 Defender destroyed. 02223_ K-01 Serf cleans the Terminal. Map ----- +----------------------------------------------------+ | ?????????????????????????????????????????????????? | | ?????????????????????????????????????????????????? | | ?????????????????????????????????????????????????? | | ?????????????????????????????????????????????????? | | ?????????????????????????????????????????????????? | | ??????????????????????????????????? ??????????? | | ??????????????????????????????????? ??????????? | | ??????????????????????????????????? #??????????? | | ???????????????????????###########? #??????????? | | ???????????????????????# = #? #??????????? | | ???????????????????????# #? #??????????? | | ???????????????????????# """ """ ## #??????????? | | ???????????????????????# """ """ #T #??????????? | | ???????????????????????# """ """ ## #??????????? | | ???????????????????????# ## ########[ ?? | | ???????????????????????# ## ?? | | ???????????????????????# ## ?? | | ???????????????????????########+### ???? | | ???????????????????????????# #######????? | | ???????????????????????????# ! # / #????? | | ????????????#?? ??????????#=%= # #????? | | ????????????# ? ??????? #%=%#### # #????? | | ?????????????? [?? ??? #[=[##?# # !!! #????? | | ????????????????] ?? # | ##?# # !!! #????? | | ?????????###############+###![ ##?# # !!! #????? | | ???????? u!!%!= [=@[!%[=##?# # ! #????? | | ???????? *[%| ]%[%|[* ##?# # #????? | | ???????? = = % !=##?# # """ #????? | | ?????????" ##### % #######??# # """ #????? | | ?????????? k???????# *# # #???# !# """ #????? | | ?????????????????????#* ######???# ]]# #????? | | ?????????????????????#% #????????#!]%###+####???? | | ?????????????????????# Y#????????# * ##### | | ?????????????????????# #????????# [[* | | ?????????????????????# #????????# #### | | ?????????????????????# g #????????#########+##### | | ?????????????????????#[Y #?????????????# + | | ?????????????????????#%g #?????????????# """"" ## | | ?????????????????????+= /?????????????# """"" !#? | | ?????????????????????# #?????????????# """"" #? | | ?????????????????????# ??????????????# """"" #? | | ?????????????????????# ??????????????# """"" #? | | ?????????????????????# ??????????????# """"" #? | | ?????????????????????? ??????????????# ?"""" #? | | ???????????????????????????????#####???# ??? #? | | ???????????????????????????????? ???##???#####? | | ???????????????????????>???????? ?????????????? | | ???????????????????????????????? ??????######## | | ????????????????????????????????# #?????# | | ????????????????????????????????# #######+###### | +----------------------------------------------------+ Best States ------------- Heat Dissipation 67 Energy Generation 14 Energy Capacity 250 Matter Stores 300 Matter Capacity 300 Sight Range 16 Terrain Scan Density 10 Armor Coverage 300 Evasion (%) 40 Recoil Reduction 3 Item Schematics ----------------- Hcp. Storage Unit | -10/Materials | Hacked Robot Schematics ------------------ None Fabricated ------------ Nothing Alien Tech Used ----------------- None Achievements -------------- None Challenges ------------ None Game ------ Seed TargetFortressWheel Manual? 0 Play Time 00:26:28 Cumulative 1343.8 hours Start 2022.09.19 @ 06:44:26 End 2022.09.19 @ 19:42:38 Sessions 3 Manual Loads 0 Difficulty Rogue Special Mode None Game No. 370 Rogue 370 Adventurer 0 Explorer 0 Win Type - Total 45 Types 27/6/7/3/0/0/0/2/0 Lore% 83 Gallery% 86 Achievement% 73 Wizard Run 0 Options --------- ASCII 0 Keyboard 1 Movement Numpad Keybinds 0 Fullscreen 1 Font 24/Crisp Map View 76x50 Tactical HUD 1 Map Filters NONE Filters NONE Steam 1 RUN: 4c884092-de9c-4ec5-a9d2-a157cf41ca93